 Dungeon Crawl Stone Soup version 0.28-a0-1638-g9123634e07 (webtiles) character file.

Game seed: 18069628967776220379

3634 siradein the Prestidigitator (level 9, -2/49 HPs)
             Began as a Spriggan Artificer on Jan 25, 2022.
             Was an Initiate of Qazlal.
             Hit by a boomerang thrown by an orc warrior (7 damage)
             ... on level 7 of the Dungeon.
             The game lasted 00:33:50 (13760 turns).

siradein the Prestidigitator (Spriggan Artificer)  Turns: 13760, Time: 00:33:51

Health: -2/49      AC:  2    Str: 10    XL:     9   Next: 87%
Magic:  10/10      EV: 24    Int: 13    God:    Qazlal [......]
Gold:   341        SH:  0    Dex: 17    Spells: 8/8 levels left

rFire   . . .      SeeInvis +   m - +2 hunting sling of Caag {speed, rPois Will+ Stlth-}
rCold   . . .      Faith    .   (no shield)
rNeg    . . .      Spirit   .   b - +0 robe
rPois   +          Reflect  .   (helmet restricted)
rElec   .          Harm     .   (no cloak)
rCorr   .          Rampage  .   (gloves unavailable)
Will    ++...                   (boots unavailable)
Stlth   +.........              (no amulet)
HPRegen 0.16/turn               (no ring)
MPRegen 0.12/turn               (no ring)

@: very quick
A: very small, no large weapons, unfitting armour, see invisible, speed 3
a: Renounce Religion


You were on level 7 of the Dungeon.
You worshipped Qazlal.
Qazlal was noncommittal.
You visited 1 branch of the dungeon, and saw 8 of its levels.

You collected 369 gold pieces.
You spent 28 gold pieces at shops.

Inventory:

Hand Weapons
 m - the +2 hunting sling of Caag (weapon) {speed, rPois Will+ Stlth-}
   (You found it on level 3 of the Dungeon)

   Attacks with this weapon are significantly faster.
   rPois:     It protects you from poison.
   Will:      It increases your willpower.
   Stlth:     It makes you less stealthy.
 B - a +0 shortbow
Missiles
 g - 11 poisoned darts
 j - 16 bolts
 n - 21 stones (quivered ammo)
 p - 61 sling bullets
 w - 4 throwing nets
Armour
 b - a +0 robe (worn)
Jewellery
 G - a ring of wizardry
Wands
 c - a wand of flame (40)
 d - a wand of charming (15)
Scrolls
 a - 2 scrolls of torment
 f - a scroll of brand weapon
 k - 2 scrolls of fog
 l - 4 scrolls of silence
 o - a scroll of enchant armour
 q - 3 scrolls of fear {unknown}
 r - 7 scrolls of teleportation {unknown}
 t - a scroll of vulnerability {unknown}
 u - a scroll of magic mapping {unknown}
 y - a scroll of amnesia {unknown}
 A - a scroll of holy word {unknown}
 D - a scroll of noise {unknown}
 F - a scroll of enchant weapon {unknown}
Potions
 h - 4 potions of curing
 i - 3 potions of flight
 s - a potion of haste {unknown}
 v - a potion of invisibility {unknown}
 x - a potion of magic {unknown}
 z - 2 potions of attraction {unknown}
 C - 2 potions of might {unknown}
 E - a potion of resistance
Miscellaneous
 e - a piece from Xom's chessboard (13/15)


   Skills:
 + Level 6.4 Fighting
 + Level 3.9 Slings
 + Level 3.9 Bows
 + Level 10.6 Dodging
 - Level 1.5 Stealth
 + Level 10.8 Evocations


You had 8 spell levels left.
You didn't know any spells.
Your spell library contained the following spells:

 Spells                   Type           Power      Damage    Failure   Level
 Magic Dart               Conj           0%         1d3       30%         1
 Call Imp                 Summ           0%         N/A       43%         2
 Corpse Rot               Necr/Air       0%         N/A       43%         2
 Poisonous Vapours        Pois/Air       0%         N/A       43%         2
 Gell's Gravitas          Tloc           0%         N/A       67%         3
 Lesser Beckoning         Tloc           0%         N/A       67%         3
 Mephitic Cloud           Conj/Pois/Air  0%         N/A       67%         3
 Teleport Other           Tloc           0%         N/A       67%         3
 Tukima's Dance           Hex            0%         N/A       67%         3
 Anguish                  Hex/Necr       0%         N/A       97%         4
 Enfeeble                 Hex            0%         N/A       100%        7


Dungeon Overview and Level Annotations

Branches:
Dungeon (8/15)             Temple (0/1) D:6
   Lair: D:8-11

Altars:
Fedhas
Okawaru
Qazlal
Yredelemnul
The Shining One

Shops:
D:5 *

Annotations:
D:2 Natasha
D:6 3 runed translucent doors, HallandMoats's ghost, novice DsFi
D:7 1 runed translucent door, noodleboyJ's ghost, novice HOFi


Innate Abilities, Weirdness & Mutations

You are very small and have problems with some larger weapons.
You are too small for most types of armour.
You have supernaturally acute eyesight. (SInv)
You cover ground extremely quickly. (Speed+++)


Message History

Could not explore, unopened runed door.
Could not explore, unopened runed door.
Could not explore, unopened runed door.
Could not explore, unopened runed door.
Could not explore, unopened runed door.
Press: ? - help, v - describe, . - travel The floor.
Press: ? - help, v - describe, . - travel, g - get item
Here: noodleboyJ's ghost (fire blocked by a translucent stone wall) Item here: 8 gold pieces.
The floor.
There is a stone staircase leading down here.
You climb downwards.
The orc warrior throws a boomerang.
The boomerang closely misses you.
There is a stone staircase leading up here.
Found a stone staircase leading down.
The orc warrior completely misses you.
There is a stone staircase leading up here.
The orc warrior throws a boomerang.
The boomerang completely misses you.
Found a robe and 13 stones.
Found a stone staircase leading down.
The orc warrior throws a boomerang.
The boomerang hits you!
The orc warrior hits you from afar with a +2 glaive of flaming!!
Ouch! That really hurt!
* * * LOW HITPOINT WARNING * * *
The orc warrior burns you!
* * * LOW HITPOINT WARNING * * *
The orc warrior completely misses you.
There is a stone staircase leading up here.
The orc warrior misses you.
You climb upwards.
Level annotation: 1 runed translucent door, noodleboyJ's ghost, novice HOFi
There is a stone staircase leading down here.
The orc warrior throws a boomerang.
The boomerang completely misses you.
The orc warrior throws a boomerang.
The boomerang barely misses you.
The orc warrior throws a boomerang.
The boomerang closely misses you.
The orc warrior throws a boomerang.
The boomerang completely misses you.
The orc warrior throws a boomerang.
The boomerang completely misses you.
The orc warrior throws a boomerang.
The boomerang barely misses you.
The orc warrior throws a boomerang.
The boomerang hits you!
You die...

#### #..## ###.## ####..###
#...# ##..# #####.......###
##..###..## ##............#
#...##..# ..............#
##..#..## ..............##
#..#.##
.[........o....####....#
...............##.....##
................@.....##
......>........##......###
..............##.........##
.............###..........#
#..........### ###..#####.#
##......#### #### ###
###..### ####


You could see an orc warrior.

Vanquished Creatures
  Harold (D:7)
  A two-headed ogre (D:4)
  Prince Ribbit (D:7)
  A water moccasin (D:7)
  Duvessa (D:7)
  2 ice beasts
  A necrophage (D:4)
  An orc warrior (D:7)
  2 ogres
  A centaur (D:6)
  Blork the orc (D:5)
  A kobold brigand (D:7)
  A bullfrog (D:6)
  3 scorpions
  A water moccasin zombie (D:5)
  2 water moccasin skeletons
  Dowan (D:7)
  2 howler monkeys
  A bullfrog zombie (D:6)
  A crimson imp (D:3)
  3 centaur zombies
  A hound (D:5)
  2 orc priests
  2 jellies (D:6)
  2 bullfrog skeletons
  A centaur skeleton (D:6)
  2 iguanas
  3 orc wizards
  A killer bee zombie (D:7)
  Robin (D:3)
  8 adders
  A shadow imp (D:7)
  A white imp (D:7)
  A worm (D:2)
  8 orcs
  3 bats
  5 endoplasms
  12 giant cockroaches
  14 goblins (D:3)
  15 hobgoblins
  7 jackals
  2 quokkas
  7 ball pythons
  A frilled lizard (D:3)
  2 goblin skeletons (D:3)
  2 goblin zombies (D:3)
  10 kobolds
  A kobold skeleton (D:3)
  2 kobold zombies (D:3)
  An orc skeleton (D:3)
  3 rats
150 creatures vanquished.

Vanquished Creatures (others)
  3 withered plants (D:7)
3 creatures vanquished.

Grand Total: 153 creatures vanquished

Notes
Turn   | Place    | Note
-------+----------+-------------------------------------------
     0 | D:1      | siradein the Spriggan Artificer began the quest for the
                  | Orb.
     0 | D:1      | Reached XP level 1. HP: 9/9 MP: 2/2
   366 | D:1      | Reached skill level 1 in Fighting
   535 | D:1      | Reached XP level 2. HP: 14/14 MP: 3/3
  1177 | D:2      | Found an iron altar of Okawaru.
  1590 | D:2      | Reached XP level 3. HP: 14/18 MP: 4/4
  2211 | D:2      | Reached XP level 4. HP: 7/23 MP: 5/5
  2686 | D:2      | Found a faded altar of an unknown god.
  2690 | D:2      | Noticed Natasha
  3280 | D:2      | Reached skill level 5 in Evocations
  3821 | D:3      | Identified the +2 hunting sling of Caag {speed, rPois Will+
                  | Stlth-}
  4066 | D:3      | Noticed Robin
  4101 | D:3      | Killed Robin
  4853 | D:3      | Reached skill level 5 in Dodging
  4853 | D:3      | Reached XP level 5. HP: 17/27 MP: 6/6
  5101 | D:3      | Found a glowing golden altar of the Shining One.
  5666 | D:4      | Noticed a necrophage
  5884 | D:4      | Reached XP level 6. HP: 32/32 MP: 7/7
  6279 | D:4      | Found a blossoming altar of Fedhas.
  6355 | D:4      | Noticed a two-headed ogre
  6447 | D:4      | Killed a two-headed ogre
  6448 | D:4      | Reached XP level 7. HP: 11/38 MP: 8/8
  6448 | D:4      | Reached XP level 8. HP: 12/42 MP: 9/9
  6738 | D:4      | Found a stormy altar of Qazlal.
  6740 | D:4      | Noticed an air elemental
  6761 | D:4      | Became a worshipper of Qazlal Stormbringer
  6897 | D:5      | Entered Level 5 of the Dungeon
  7085 | D:5      | Identified the +1 helmet of the Vacuum {+Blink rF+}
  7623 | D:5      | Noticed Blork the orc
  8297 | D:5      | Killed Blork the orc
  8298 | D:5      | Reached skill level 5 in Fighting
  8997 | D:5      | Found Pihutuen's General Store.
  9003 | D:5      | Bought a scroll of identify for 28 gold pieces
  9701 | D:6      | Reached XP level 9. HP: 44/47 MP: 10/10
 10192 | D:6      | Noticed HallandMoats's ghost (novice DsFi)
 10218 | D:6      | Found a runed translucent gate.
 10218 | D:6      | Found a runed translucent gate.
 10218 | D:6      | Found a runed translucent gate.
 10378 | D:6      | Found a staircase to the Ecumenical Temple.
 10646 | D:7      | Reached skill level 1 in Slings
 10676 | D:7      | Reached skill level 1 in Bows
 10819 | D:7      | Noticed Dowan
 10827 | D:7      | Killed Dowan
 10828 | D:7      | Reached skill level 10 in Evocations
 10847 | D:7      | Noticed Duvessa
 11102 | D:7      | Killed Duvessa
 11263 | D:7      | Noticed Harold
 11398 | D:7      | Killed Harold
 11399 | D:7      | Reached skill level 10 in Dodging
 11649 | D:7      | Found a runed translucent door.
 11649 | D:7      | Noticed noodleboyJ's ghost (novice HOFi)
 12145 | D:7      | Found a basalt altar of Yredelemnul.
 12288 | D:7      | Noticed Prince Ribbit
 12327 | D:7      | Killed Prince Ribbit
 13760 | D:7      | Hit by a boomerang thrown by an orc warrior

Illustrated notes

Levels and vault maps discovered:
D:1:      dpeg_arrival_three_bigger_balls, layout_basic, fountainhead
D:2:      layout_basic, chequers_ecumenical_altar_simple, basic_altar,
          uniq_natasha
D:3:      minmay_roachtagon, layout_rooms, nicolae_tso_besieged_by_evil,
          uniq_robin
D:4:      layout_rooms, kennysheep_mini, nicolae_qazlal_style_of_elements
D:5:      layout_cave_pools, serial_shops, shop, uniq_blork_the_orc
D:6:      layout_gridville, temple_hall, gammafunk_ghost_icy,
          minmay_misc_feat_four_crosses
D:7:      layout_cave_pods, yredelemnul_altar_generic, gammafunk_ghost_grave,
          grunt_tough_drop, uniq_harold, uniq_duvessa, uniq_prince_ribbit1
D:8:      layout_rooms, kennysheep_little_box, kennysheep_nondescript,
          the_hattery

Skill      XL: |  1  2  3  4  5  6  7  8  9 |
---------------+----------------------------+-----
Fighting       | 1 2 4 5 6 |  6.4
Dodging        | 4 5 7 9 10 | 10.6
Evocations     | 5 6 8 9 10 | 10.8
Slings         | 3 |  3.9
Bows           | 3 |  3.9
Stealth        | |  1.5

Action                   |  1- 3 |  4- 6 |  7- 9 || total
-------------------------+-------+-------+-------++-------
Melee: Spear             |   167 |    64 |       ||   231
       Punch             |     2 |     1 |       ||     3
 Fire: Hunting sling     |       |   321 |   600 ||   921
Throw: Dart              |       |       |    28 ||    28
Evoke: Piece from Xom's  |       |       |    11 ||    11
  Use: Scroll            |       |       |     7 ||     7
 Stab: Sleeping          |     9 |     2 |       ||    11
       Distracted        |       |     1 |       ||     1
Armor: Robe              |     8 |     8 |    15 ||    31
Dodge: Dodged            |    81 |   105 |   192 ||   378

Table legend: (Time is in decaauts)
 A = Elapsed time spent in this place.
 B = Non-inter-level travel time spent in this place.
 C = Inter-level travel time spent in this place.
 D = Time resting spent in this place.
 E = Time spent auto-exploring this place.
 F = Levels seen in this place.
 G = Mean time per level.
                   A        B        C        D        E       F      G
               +--------+--------+--------+--------+--------+-----+--------+
         Total |  10430 |  10134 |    296 |   1174 |   6246 |   8 | 1303.8 |
       Dungeon |  10430 |  10134 |    296 |   1174 |   6246 |   8 | 1303.8 |
               +--------+--------+--------+--------+--------+-----+--------+

Top non-repeatable levels by time:
     D:7: 2139 daAuts
     D:2: 1807 daAuts
     D:5: 1596 daAuts
     D:3: 1478 daAuts
     D:4: 1241 daAuts
     D:6: 1079 daAuts
     D:1: 1058 daAuts
     D:8: 30 daAuts
